[Event "*** Titled Tuesday Blitz"]
[Site "Chess.com"]
[Date "2021.04.20"]
[Round "8"]
[White "GregShahade"]
[Black "DamianoLew95"]
[Result "1/2-1/2"]
[WhiteElo "2694"]
[BlackElo "2519"]
[TimeControl "180+1"]
[EndTime "11:28:52 PDT"]
[Termination "Game drawn - insufficient material"]

1. e4 c5 2. Nf3 d6 3. d4 cxd4 4. Nxd4 Nf6 5. Nc3 Bd7 6. Be2 e5 7. Nb3 Bc6 8. Bg5 Nbd7 9. O-O h6 10. Bh4 g5 11. Bg3 Nxe4 12. Nxe4 Bxe4 13. Bf3 Bxf3 14.
Qxf3 Qb6 15. Rfe1 Be7 16. Qf5 h5 17. h3 Rh6 18. Re2 Nf8 19. Rd1 Ne6 20. c3 Qa6 21. Nc1 h4 22. Bh2 Rf6 23. Qg4 Rc8 24. Red2 Kf8 25.
a3 Kg7 26. Nd3 Qc4 27. Qxc4 Rxc4 28. Nb4 Nc7 29. Nc2 Rc6 30. Ne3 Kf8 31. f3 Ke8 32.
Kf1 a6 33. Bg1 Kd7 34. Nc2 Bf8 35. Nb4 Rc4 36. Nd3 Kc8 37. Nxe5 Rcf4 38. Be3 R4f5 39. Ng4 Re6 40. Bf2 Be7 41. Ne3 Rb5 42. Nc4 d5 43.
Ne3 Bf6 44. a4 Rb3 45. Ng4 Bg7 46. Bc5 b6 47. Ba3 b5 48. axb5 Nxb5 49. Bc5 Nc7 50. Ne3 Bf6 51. Nf5 Kb7 52. Bd4 Bd8 53. Bg7 Reb6 54.
Rb1 Bf6 55. Bxf6 Rxf6 56. Nd4 Rbb6 57. b4 Nb5 58. Nxb5 Rxb5 59. Rbd1 Rc6 60. Rxd5 Rxc3 61.
Rxb5+ axb5 62. Rd5 Kb6 63. Rxg5 Rc4 64. Rg4 Kc6 65. Ke2 Kd5 66. Ke3 Rc3+ 67. Kf4 Rc4+ 68. Kg5 Rc2 69. Kxh4 f5 70. Rf4 Ke5 71. Kg3 Rc7 72.
Rh4 Rc3 73. Rh8 Rb3 74. Rb8 Rxb4 75. h4 Rb2 76. Kh3 b4 77. h5 Kf6 78. g4 fxg4+ 79. fxg4 Rb1 80. Rb6+ Kg5 81. Rb5+ Kf4 82. Kg2 Kxg4 83.
h6 Rb2+ 84. Kf1 Rb1+ 85. Ke2 Rh1 86. Rxb4+ Kg5 87. Rb6 Rxh6 88. Rxh6 Kxh6 1/2-1/2

[Event "*** Titled Tuesday Blitz"]
[Site "Chess.com"]
[Date "2021.04.20"]
[Round "8"]
[White "2008king"]
[Black "Mbneu"]
[Result "1/2-1/2"]
[WhiteElo "2132"]
[BlackElo "2301"]
[TimeControl "180+1"]
[EndTime "11:29:20 PDT"]
[Termination "Game drawn by agreement"]

1. e4 c5 2. Nf3 Nf6 3. e5 Nd5 4. d4 cxd4 5. Nxd4 e6 6. c4 Nc7 7.
Nc3 Nc6 8. Nxc6 dxc6 9. Qxd8+ Kxd8 10. Bg5+ Be7 11. O-O-O+ Ke8 12. Bxe7 Kxe7 13. Ne4 h6 14. f4 Rd8 15. Rxd8 Kxd8 16. Be2 Na6 17. Rd1+ Ke7 18.
a3 c5 19. Nd6 Rb8 20. Bf3 Nc7 21. Ne4 b6 22. Nd6 Bd7 23. b3 Ne8 24. Kc2 Nxd6 25. Rxd6 Rd8 26. Kc3 f6 27. b4 cxb4+ 28.
axb4 g5 29. g3 fxe5 30. fxe5 Rf8 31. Bg4 Rf2 32. h3 Rg2 33. b5 Rxg3+ 34. Kb4 h5 35. Bxh5 Rxh3 36. Bg4 Rh4 37. Be2 g4 38. Rd4 Rh5 39.
Rxg4 Rxe5 40. Rg7+ Kd6 41. Bg4 Re4 42. Rg8 e5 43.
Bxd7 Kxd7 44. Rg7+ Kc8 45. Rxa7 Re1 46. Re7 e4 47. Kc3 e3 48. Re6 Kb7 49. Kd3 Rd1+ 50. Kc2 Rd4 51. Kc3 Rd1 52. Rxe3 Rc1+ 53. Kd4 Rd1+ 54.
Ke5 Rd7 55. Ke6 Rd8 56. Rc3 Kc7 57. Rc1 Rd4 58. Ke5 Rh4 59. Kd5 Rg4 60. Rh1 Rg5+ 61. Kd4 Rg4+ 62. Kc3 Rg7 63. Kb4 Rf7 64. Rh6 Re7 65.
Rc6+ Kb7 66. Kc3 Rd7 67. Re6 Kc7 68. Re5 Kb7 69. Rd5 Rc7 70. Kd4 Rg7 71. Re5 Rd7+ 72. Ke4 Rc7 73. Kd5 Rd7+ 74. Ke6 Rc7 75. Re4 Rc5 76. Kd6 Rh5 77. Rg4 Rh6+ 78. Ke5 Rh5+ 79. Kf6 Rc5 80. Ke6 Rc7 81. Kd6 Rh7 82. Rf4 Rh6+ 83.
Ke5 Rh5+ 84. Rf5 Rh7 85. Kf6 Rc7 86. Rf4 Rc5 87. Kg6 Rc7 88. Kf5 Rf7+ 89. Ke5 Re7+ 90. Kd6 Rc7 91. Kd5 Rc5+ 92. Kd4 Rc7 93. Rf5 Rd7+ 94.
Kc3 Re7 95. Kb4 Rc7 96. c5 bxc5+ 97. Rxc5 Rd7 98. Rh5 Re7 99. Rh6 Rd7 100. Ka5 Re7 101. Rb6+ Ka7 102. Rd6 Rf7 103. Rd5 Kb7 104. b6 Re7 105.
Rh5 Rf7 106. Kb5 Re7 107. Rc5 Rf7 1/2-1/2

[Event "*** Titled Tuesday Blitz"]
[Site "Chess.com"]
[Date "2021.04.20"]
[Round "8"]
[White "NateSolon"]
[Black "fastestmindalive"]
[Result "1/2-1/2"]
[WhiteElo "2652"]
[BlackElo "2758"]
[TimeControl "180+1"]
[EndTime "11:31:26 PDT"]
[Termination "Game drawn by repetition"]

1. d4 Nf6 2. c4 e6 3. g3 Bb4+ 4. Nd2 c5 5. a3 Bxd2+ 6. Qxd2 cxd4 7. Nf3 Nc6 8. Nxd4 O-O 9. Bg2 Qb6 10. Nxc6 bxc6 11. b4 d5 12. Bb2 Ba6 13. cxd5 cxd5 14. O-O Rfc8 15. Rfc1 Ne8 16. e4 dxe4 17. Bxe4 Bb7 18.
Bxb7 Qxb7 19. h4 Rd8 20. Qf4 Rd5 21. Rd1 Rf5 22. Qd4 h5 23. Rac1 Nf6 24. a4 Kh7 25. b5 Rg8 26. Rc5 Rxc5 27. Qxc5 Qf3 28. Qc2+ Kh8 29. Rd3 Qe4 30. Qd1 Qf5 31. Rd4 Nd5 32.
Rc4 Kh7 33. Qc2 Nb6 34. Qxf5+ exf5 35. Rf4 Kg6 36. a5 Nd5 37. Rd4 Nc7 38. b6 axb6 39. axb6 Ne6 40. Rd6 Rb8 41. Rc6 Rb7 42. Be5 Kh7 43.
Bc7 Kg8 44. Kg2 Kf8 45. Kf3 Ke7 46. Ke3 Kd7 47. Rd6+ Ke7 48. Rc6 g6 49. f3 Kd7 50.
Rd6+ Kc8 51. Rc6 Nxc7 52. bxc7 Rxc7 53. Rd6 Rd7 54. Ra6 Kd8 55. Kf4 Ke7 56. Kg5 Rd3 57.
Kf4 Kf8 58. Ra7 Kg7 59. Rb7 Rd4+ 60.
Ke3 Ra4 61. Kf2 Ra2+ 62. Ke3 Rg2 63. Kf4 Rg1 64. Rc7 Re1 65. Rb7 Ra1 66. Rc7 Ra3 67. Rb7 Ra6 68. Rc7 Kf6 69. Rc5 Ra4+ 70. Ke3 Ra3+ 71.
Kf4 Rb3 72. Rc6+ Kg7 73. Ra6 Rb4+ 74. Ke3 Rb7 75. Rc6 Re7+ 76. Kf4 Re8 77. Rb6 Re1 78. Rb7 Re6 79. Rc7 Kf6 80. Ra7 Re7 81.
Ra6+ Kg7 82. Rb6 Ra7 83. Rc6 Ra4+ 84. Ke3 Ra7 85. Kf4 Ra4+ 86. Ke3 f4+ 87. gxf4 Ra5 88. Kf2 Ra1 89. Kg3 Ra5 90. Rd6 Rf5 91. Rd7 Kf6 92. Rd8 Ke6 93. Re8+ Kf6 94. Re3 Rd5 95. Re1 Kf5 96. Re7 f6 97. Ra7 Rb5 98. Rc7 Ke6 99.
Ra7 Rb6 100. Ra5 Rd6 101. Rb5 Rd5 102. Rb6+ Kf5 103. Ra6 Rd1 104. Ra5+ Ke6 105. Ra6+ Rd6 106. Ra5 Rd5 107. Ra6+ Ke7 108. Rb6 Rd7 109. Ra6 Rb7 110. Rc6 Ra7 111. Rb6 Kf7 112. Rc6 Ra1 113. Rb6 Rg1+ 114. Kf2 Rh1 115. Kg3 Rf1 116. Rb7+ Kg8 117. Rb8+ Kg7 118. Rb7+ Kh6 119. Rb6 f5 120. Rb7 Re1 121. Rc7 Re8 122. Rb7 Rg8 123. Rc7 Rg7 124. Rc6 Rd7 125. Re6 Kg7 126. Ra6 Kf7 127. Rb6 Re7 128. Ra6 Re6 129. Ra7+ Kf6 130. Rb7 Ra6 131. Rc7 Ke6 132. Rg7 Kd5 133. Rf7 Rd6 134. Rg7 Kd4 135. Re7 Kd3 136. Re8 Kd2 137. Re7 Kd1 138. Re8 Rd7 139. Re6 Rd2 140. Rxg6 Ke2 141. Re6+ Kf1 142. Re5 Rg2+ 143. Kh3 Rf2 144. Kg3 Kg1 145. Rxf5 Rg2+ 146. Kh3 Rh2+ 147. Kg3 Rg2+ 148. Kh3 Rh2+ 149. Kg3 Rg2+ 1/2-1/2

[Event "*** Titled Tuesday Blitz"]
[Site "Chess.com"]
[Date "2021.04.20"]
[Round "9"]
[White "Ze-Pequeno"]
[Black "Flopezin"]
[Result "1-0"]
[WhiteElo "2256"]
[BlackElo "2332"]
[TimeControl "180+1"]
[EndTime "11:40:06 PDT"]
[Termination "Ze-Pequeno won by resignation"]

1. e4 e5 2. Nf3 Nc6 3. Nc3 Nf6 4.
d4 exd4 5. Nxd4 Bb4 6. Nxc6 bxc6 7. Bd3 d5 8. exd5 O-O 9. O-O Bg4 10. Be2 Bxe2 11. Nxe2 cxd5 12. Bg5 Be7 13. Nd4 Ne4 14. Nc6 Qd7 15. Nxe7+ Kh8 16. Bh4 g5 17. Nxd5 gxh4 18. Qd4+ 1-0

[Event "*** Titled Tuesday Blitz"]
[Site "Chess.com"]
[Date "2021.04.20"]
[Round "9"]
[White "Trickster_Pony"]
[Black "WPWPWP-2015"]
[Result "0-1"]
[WhiteElo "1621"]
[BlackElo "2459"]
[TimeControl "180+1"]
[EndTime "11:40:26 PDT"]
[Termination "WPWPWP-2015 won by resignation"]

1. c4 Nf6 2. g3 c5 3. Bg2 g6 4.
Nc3 Bg7 5. e3 O-O 6. Nge2 Nc6 7.
O-O d6 8. d4 cxd4 9. exd4 Bf5 10. h3 h5 11. a3 Qd7 12. b4 Bxh3 13. b5 Bxg2 14. Kxg2 Na5 15. Qa4 b6 16. Rd1 Qb7+ 17.
Kh2 Rac8 18. c5 Ng4+ 19. Kg1 Qf3 20. Rf1 dxc5 21. dxc5 Bxc3 0-1

[Event "*** Titled Tuesday Blitz"]
[Site "Chess.com"]
[Date "2021.04.20"]
[Round "9"]
[White "RiskyDecision"]
[Black "BJthechessgod"]
[Result "1-0"]
[WhiteElo "2474"]
[BlackElo "2294"]
[TimeControl "180+1"]
[EndTime "11:40:30 PDT"]
[Termination "RiskyDecision won by resignation"]

1. d4 Nf6 2. c4 e6 3. g3 Be7 4. Nf3 O-O 5. Bg2 d5 6. O-O dxc4 7. Qa4 a6 8. Qxc4 b5 9. Qc2 Bb7 10. Bd2 Nbd7 11. Ba5 Rc8 12. b4 Nb6 13. Nbd2 Nfd5 14. a3 Qd7 15. Ne5 Qd6 16. Rac1 Rfd8 17. Ne4 Nxb4 18.
Nxd6 Nxc2 19. Nxc8 Nxd4 20. Nxe7+ 1-0

[Event "*** Titled Tuesday Blitz"]
[Site "Chess.com"]
[Date "2021.04.20"]
[Round "9"]
[White "Oleksandr_Bortnyk"]
[Black "draksbg"]
[Result "1-0"]
[WhiteElo "2957"]
[BlackElo "2593"]
[TimeControl "180+1"]
[EndTime "11:40:38 PDT"]
[Termination "Oleksandr_Bortnyk won by resignation"]

1. e4 c5 2. c3 d5 3. exd5 Qxd5 4. d4 g6 5. Be3 cxd4 6. cxd4 Bg7 7. Nf3 Nh6 8. Qc1 Bg4 9. Bxh6 Bxh6 10. Qxh6 Bxf3 11. gxf3 Qxf3 12. Rg1 Nc6 13. Bg2 Qf6 14. Bxc6+ Qxc6 15. Nc3 O-O-O 16. O-O-O Qb6 17. Qf4 f6 18. d5 g5 19. Qe3 Qa5 20. Qxe7 1-0

[Event "*** Titled Tuesday Blitz"]
[Site "Chess.com"]
[Date "2021.04.20"]
[Round "9"]
[White "Indianlad"]
[Black "nrvisakh"]
[Result "1-0"]
[WhiteElo "2931"]
[BlackElo "2800"]
[TimeControl "180+1"]
[EndTime "11:40:42 PDT"]
[Termination "Indianlad won by resignation"]

1. c4 Nf6 2. Nc3 g6 3. g3 Bg7 4. Bg2 O-O 5. Nf3 d5 6. cxd5 Nxd5 7. h4 c5 8. h5 Nc6 9. Qa4 Nxc3 10. dxc3 e5 11. hxg6 hxg6 12. Ng5 Re8 13. Be3 Be6 14.
Qh4 Qe7 15. Qh7+ Kf8 16. Ne4 1-0

[Event "*** Titled Tuesday Blitz"]
[Site "Chess.com"]
[Date "2021.04.20"]
[Round "9"]
[White "FMalexhdez"]
[Black "mr65"]
[Result "1-0"]
[WhiteElo "2230"]
[BlackElo "2126"]
[TimeControl "180+1"]
[EndTime "11:40:49 PDT"]
[Termination "FMalexhdez won by resignation"]

1. e4 e5 2. Nf3 Nc6 3. Bc4 Nf6 4. d3 Bc5 5. O-O h6 6. c3 O-O 7. d4 exd4 8. cxd4 Bb6 9. e5 d5 10. exf6 dxc4 11. fxg7 Kxg7 12. d5 Nb4 13. Nc3 Nd3 14. Qd2 Nxc1 15. Raxc1 Qf6 16. Ne4 Qg6 17. Rxc4 Bf5 18. Qc3+ f6 19. Nh4 Qh5 20. Ng3 1-0

[Event "*** Titled Tuesday Blitz"]
[Site "Chess.com"]
[Date "2021.04.20"]
[Round "9"]
[White "KeithArkell"]
[Black "Manukyan_Artak"]
[Result "0-1"]
[WhiteElo "2596"]
[BlackElo "2443"]
[TimeControl "180+1"]
[EndTime "11:41:08 PDT"]
[Termination "Manukyan_Artak won by resignation"]

1. d4 Nf6 2. Nf3 d5 3. c4 dxc4 4. e3 e6 5. Bxc4 c5 6. Nc3 a6 7. d5 b5 8. Bb3 c4 9. dxe6 cxb3 10. exf7+ Ke7 11. Qxb3 Be6 12. Qc2 Bc4 13. b3 Qd3 14. Ba3+ Ke6 15. bxc4 Qxc2 16. Nd4+ Kxf7 17. Nxc2 Bxa3 18. Nxa3 b4 19. Rb1 bxc3 20. Rb7+ Nbd7 21. Kd1 Rab8 22. Ra7 Rb2 23. Rxa6 Nc5 24. Ra7+ Kg6 0-1

[Event "*** Titled Tuesday Blitz"]
[Site "Chess.com"]
[Date "2021.04.20"]
[Round "9"]
[White "elohunter1999"]
[Black "KacperPolOK"]
[Result "0-1"]
[WhiteElo "2476"]
[BlackElo "2374"]
[TimeControl "180+1"]
[EndTime "11:41:33 PDT"]
[Termination "KacperPolOK won by checkmate"]

1. d4 e6 2. e4 d5 3. Nd2 Nf6 4.
e5 Nfd7 5. f4 c5 6. c3 Nc6 7.
Ndf3 Qb6 8. g3 cxd4 9. cxd4 Bb4+ 10. Kf2 f6 11. Kg2 g5 12. exf6 g4 13. f7+ Kxf7 14.
Ne5+ Ndxe5 15. dxe5 h5 16. h3 Bd7 17. hxg4 hxg4 18.
Rxh8 Rxh8 19. Qxg4 Nd4 20. Be3 Bc5 21. Rd1 Nf5 22.
Bc1 Bxg1 23. Bd3 Qf2# 0-1

[Event "*** Titled Tuesday Blitz"]
[Site "Chess.com"]
[Date "2021.04.20"]
[Round "9"]
[White "IriBu"]
[Black "PavelShkapenko"]
[Result "0-1"]
[WhiteElo "2563"]
[BlackElo "2707"]
[TimeControl "180+1"]
[EndTime "11:41:54 PDT"]
[Termination "PavelShkapenko won by resignation"]

1. e4 e5 2. Nf3 Nc6 3. Bb5 Bc5 4. O-O d6 5. c3 Bd7 6. d4 Bb6 7. Bxc6 Bxc6 8. dxe5 dxe5 9. Nxe5 Qxd1 10. Rxd1 Bxe4 11. Re1 f5 12. Nd2 Nf6 13. Nxe4 Nxe4 14. Be3 Bxe3 15. Rxe3 O-O 16. f3 Nd6 17. Rae1 f4 18. R3e2 Rfe8 19.
g3 Re6 20. gxf4 Rf8 21. Nd3 Rxe2 22. Rxe2 Kf7 23. Kf2 Kf6 24. b3 Nb5 25. c4 Nd4 26.
Rd2 Ne6 27. Ke3 Rd8 28. Rg2 Rxd3+ 29. Kxd3 Nxf4+ 30. Ke4 Nxg2 31. Kd5 Kf5 32. c5 Nh4 33. c6 b6 34. Kc4 a6 35. a4 Nxf3 0-1

[Event "*** Titled Tuesday Blitz"]
[Site "Chess.com"]
[Date "2021.04.20"]
[Round "9"]
[White "barbara25"]
[Black "jucAxx"]
[Result "0-1"]
[WhiteElo "2301"]
[BlackElo "2174"]
[TimeControl "180+1"]
[EndTime "11:42:02 PDT"]
[Termination "jucAxx won by resignation"]

1. e4 e6 2. d4 d5 3. Nc3 Bb4 4.
e5 c5 5. a3 Bxc3+ 6. bxc3 Qc7 7. Qg4 Ne7 8. Qxg7 Rg8 9. Qxh7 cxd4 10. Ne2 Nbc6 11. f4 Bd7 12. Qd3 dxc3 13. Nxc3 a6 14. Rb1 Nf5 15. Ne2 Na5 16. Bd2 Bb5 17. Bxa5 Qxa5+ 18. Qc3 Qxc3+ 19. Nxc3 Bxf1 20. Kxf1 Rc8 21. Nd1 Rxc2 22.
Rxb7 Rgxg2 23. h4 Ng3+ 0-1

[Event "*** Titled Tuesday Blitz"]
[Site "Chess.com"]
[Date "2021.04.20"]
[Round "9"]
[White "Leo_C"]
[Black "kubal123"]
[Result "0-1"]
[WhiteElo "2410"]
[BlackElo "2263"]
[TimeControl "180+1"]
[EndTime "11:42:03 PDT"]
[Termination "kubal123 won by resignation"]

1. d4 d5 2. c4 e6 3. Nc3 Nf6 4. Nf3 Be7 5. Bg5 O-O 6. e3 b6 7. Rc1 Bb7 8. Bd3 Nbd7 9. O-O c5 10. cxd5 exd5 11. Ne5 Nxe5 12. dxe5 Nd7 13. Bxe7 Qxe7 14. f4 f6 15. Bc2 fxe5 16. Nxd5 Qd6 17. Bb3 Kh8 18. e4 exf4 19. Qh5 Bxd5 20. Bxd5 Nf6 21. Qf3 Nxd5 22. exd5 Rad8 23. Rfe1 Qxd5 24. Qxd5 Rxd5 25. Re7 Rd2 26. Rxa7 Rxb2 27. Rb7 Rd8 28. Rxb6 Rxb6 0-1

[Event "*** Titled Tuesday Blitz"]
[Site "Chess.com"]
[Date "2021.04.20"]
[Round "9"]
[White "chesshermar"]
[Black "KetiGrant"]
[Result "0-1"]
[WhiteElo "2219"]
[BlackElo "2338"]
[TimeControl "180+1"]
[EndTime "11:42:10 PDT"]
[Termination "KetiGrant won by resignation"]

1. e4 c5 2. c3 d5 3. exd5 Qxd5 4. d4 Nf6 5. Nf3 e6 6. Na3 Be7 7. Nb5 Qd8 8. Bf4 Nd5 9. Bg3 a6 10. Na3 O-O 11. Nc4 Nc6 12. Bd3 cxd4 13. cxd4 b5 14. Nce5 Nxe5 15. Nxe5 Bb7 16. O-O f5 17. Re1 f4 18.
Bxh7+ Kxh7 19. Qh5+ Kg8 20. Ng6 Rf5 21. Qh8+ Kf7 22.
Qh7 fxg3 23. fxg3 Nf6 24. Qh3 Kxg6 25. Rxe6 Qxd4+ 26. Kh1 Qc4 27. Ree1 Bb4 28. Rec1 Qe4 0-1

[Event "*** Titled Tuesday Blitz"]
[Site "Chess.com"]
[Date "2021.04.20"]
[Round "9"]
[White "sergeikim"]
[Black "Cuajada_Zero"]
[Result "0-1"]
[WhiteElo "2493"]
[BlackElo "2313"]
[TimeControl "180+1"]
[EndTime "11:42:12 PDT"]
[Termination "Cuajada_Zero won by resignation"]

1. d4 d5 2. c4 e6 3. Nc3 c6 4. e3 Bd6 5. Nf3 f6 6. Bd3 f5 7.
O-O Nf6 8. Qc2 O-O 9. cxd5 exd5 10.
Bxf5 Bxf5 11. Qxf5 Ne4 12. Qe6+ Kh8 13. Nxe4 dxe4 14.
Qxe4 Nd7 15. Qh4 Qe8 16. Qh3 Nf6 17. Bd2 Ne4 18. Bc3 Rf6 19. Ne5 Nxc3 20. bxc3 Bxe5 21. dxe5 Qxe5 22. Rac1 Rd8 23. Rfd1 Rfd6 24. Rxd6 Qxd6 25. g3 Qa3 26. Rb1 Qxa2 27. Rxb7 Rd1+ 28. Kg2 Qd5+ 29. e4 Qxe4+ 0-1

[Event "*** Titled Tuesday Blitz"]
[Site "Chess.com"]
[Date "2021.04.20"]
[Round "9"]
[White "ChelsieMonica"]
[Black "HrvojeZagreb"]
[Result "1-0"]
[WhiteElo "2389"]
[BlackElo "2273"]
[TimeControl "180+1"]
[EndTime "11:42:16 PDT"]
[Termination "ChelsieMonica won by resignation"]

1. e4 e6 2. f4 d5 3. exd5 exd5 4. Nf3 Bd6 5. d3 Ne7 6. Be2 c6 7. O-O O-O 8. Nc3 Nd7 9. g3 Nf6 10. Ne5 Bh3 11. Rf2 Ng6 12. d4 Ne4 13. Nxe4 dxe4 14. Be3 Ne7 15. Bg4 Bxg4 16. Qxg4 Qc8 17. f5 f6 18. Bh6 g5 19. fxg6 Qxg4 20. Nxg4 f5 21.
gxh7+ Kxh7 22. Bxf8 Rxf8 23. Raf1 c5 24. c3 cxd4 25.
cxd4 Bc7 26. Ne3 Bb6 27. Nxf5 Nxf5 28. Rxf5 Bxd4+ 29. Kg2 Rxf5 30. Rxf5 Bxb2 31. Rf7+ Kg6 32. Rxb7 Bd4 33. Rb4 1-0

[Event "*** Titled Tuesday Blitz"]
[Site "Chess.com"]
[Date "2021.04.20"]
[Round "9"]
[White "dosto07"]
[Black "LenkaPtacnikova"]
[Result "1-0"]
[WhiteElo "2323"]
[BlackElo "2174"]
[TimeControl "180+1"]
[EndTime "11:42:17 PDT"]
[Termination "dosto07 won by resignation"]

1. e4 c5 2. Nf3 e6 3. c3 Nf6 4. e5 Nd5 5. Bc4 d6 6. d4 Nb6 7. Bb3 Nc6 8. exd6 cxd4 9. cxd4 Bxd6 10. O-O O-O 11. Nc3 Nb4 12. Re1 Bd7 13. Ne4 Be7 14. Ne5 Bb5 15. a3 N4d5 16. Nc5 Qc7 17. Ncd3 Rac8 18. Bd2 f6 19. Nc5 fxe5 20. Nxe6 Qd6 21. Nxf8 Rxf8 22. dxe5 Qg6 23. Be3 Bc4 24. Bxc4 Nxc4 25. Qxd5+ Qf7 26. e6 1-0

[Event "*** Titled Tuesday Blitz"]
[Site "Chess.com"]
[Date "2021.04.20"]
[Round "9"]
[White "suneebaker"]
[Black "kritipatel"]
[Result "0-1"]
[WhiteElo "2193"]
[BlackElo "1766"]
[TimeControl "180+1"]
[EndTime "11:42:27 PDT"]
[Termination "kritipatel won by resignation"]

1. e4 e5 2. Nf3 Nc6 3. Bc4 Nf6 4. O-O Nxe4 5. d4 d5 6. Bb5 exd4 7. Nxd4 Bd7 8. Bxc6 bxc6 9. Re1 Be7 10. Nd2 Nxd2 11. Bxd2 O-O 12. Qf3 Bf6 13. Bc3 c5 14. Nf5 d4 15. Bd2 Rb8 16. b3 d3 17. Rac1 Bb5 18. c4 Bd7 19. Re3 Qc8 20. g4 Bd4 21. Nxd4 cxd4 22. Rxd3 Bxg4 23. Qg3 c5 24. Bf4 Rb6 25. h3 Bf5 26. Rd2 Rg6 0-1

[Event "*** Titled Tuesday Blitz"]
[Site "Chess.com"]
[Date "2021.04.20"]
[Round "9"]
[White "biostatistician"]
[Black "martinique24"]
[Result "1-0"]
[WhiteElo "2613"]
[BlackElo "2474"]
[TimeControl "180+1"]
[EndTime "11:42:29 PDT"]
[Termination "biostatistician won by resignation"]

1. d4 Nf6 2. Nf3 g6 3. c4 Bg7 4.
Nc3 d5 5. cxd5 Nxd5 6. e4 Nxc3 7. bxc3 c5 8. Be3 Qa5 9. Qd2 O-O 10. Rc1 Rd8 11. d5 e6 12. Bg5 f6 13. Bf4 Qa4 14. c4 Nc6 15. Be2 Nb4 16. O-O Qxa2 17. Qe3 Qa5 18. e5 exd5 19. exf6 Bxf6 20. cxd5 Nxd5 21. Bc4 Kg7 22. Bh6+ Kf7 23. Rfe1 Bf5 24. Ne5+ Kg8 25. Qf3 Qc7 26. Bxd5+ Rxd5 27. Qxd5+ Kh8 28. Nf7+ Kg8 29. Nd8+ 1-0

[Event "*** Titled Tuesday Blitz"]
[Site "Chess.com"]
[Date "2021.04.20"]
[Round "9"]
[White "viktorgen2021"]
[Black "OlifantCZ"]
[Result "1-0"]
[WhiteElo "2371"]
[BlackElo "2259"]
[TimeControl "180+1"]
[EndTime "11:42:30 PDT"]
[Termination "viktorgen2021 won by resignation"]

1. d4 Nf6 2. Nf3 g6 3. g3 Bg7 4. Bg2 O-O 5. O-O d6 6. a4 Bg4 7. Nc3 Qc8 8. e4 Bh3 9. Re1 Bxg2 10. Kxg2 Nc6 11. d5 Nd8 12. e5 dxe5 13. Nxe5 Nd7 14.
Bf4 a6 15. Qf3 e6 16. Rad1 c6 17. Nxd7 Qxd7 18. dxe6 Qxe6 19. Rxe6 Nxe6 20. Bd6 Rfd8 21. Ne4 1-0

[Event "*** Titled Tuesday Blitz"]
[Site "Chess.com"]
[Date "2021.04.20"]
[Round "9"]
[White "SilviusTiberius"]
[Black "Piotrek1979"]
[Result "1-0"]
[WhiteElo "2582"]
[BlackElo "2418"]
[TimeControl "180+1"]
[EndTime "11:42:32 PDT"]
[Termination "SilviusTiberius won by resignation"]

1. e4 Nc6 2. Nf3 d6 3. Nc3 Nf6 4. d4 Bg4 5. Be3 e6 6. h3 Bh5 7. g4 Bg6 8. d5 exd5 9. exd5 Nb8 10. Nd4 h5 11. Bg2 hxg4 12. hxg4 Rxh1+ 13. Bxh1 Na6 14.
Qe2 Qd7 15. g5 Nh5 16. Bf3 O-O-O 17. Bg4 1-0

[Event "*** Titled Tuesday Blitz"]
[Site "Chess.com"]
[Date "2021.04.20"]
[Round "9"]
[White "InvisibleWarrior2252"]
[Black "Jospem"]
[Result "0-1"]
[WhiteElo "2547"]
[BlackElo "2965"]
[TimeControl "180+1"]
[EndTime "11:42:40 PDT"]
[Termination "Jospem won by resignation"]

1. e4 e5 2. Nf3 Nc6 3. Bc4 Bc5 4. c3 d6 5. d3 Nf6 6. h3 a5 7. Bb3 h6 8. Nbd2 O-O 9. Nf1 Be6 10. Ng3 d5 11. Qe2 Re8 12. Nh2 a4 13. Bc2 a3 14.
b3 d4 15. c4 Bb4+ 16. Kf1 Bc3 17. Rb1 Nb4 18. Bd1 b5 19. Ng4 bxc4 20. bxc4 c5 21. Bb3 Ra6 22. Qf3 Bc8 23. Ne2 Qd7 24.
Nh2 Bb7 25. g4 Nxd3 26. Ng3 Ne1 27. Qe2 d3 28. Qe3 Nc2 29. Bxc2 dxc2 30. Rxb7 Qxb7 31. Qxc3 Nxe4 32. Nxe4 Qxe4 33. Nf3 Rd8 34. Kg2 Rd3 35. Qxd3 0-1

[Event "*** Titled Tuesday Blitz"]
[Site "Chess.com"]
[Date "2021.04.20"]
[Round "9"]
[White "Goryachkina"]
[Black "profofchess"]
[Result "1-0"]
[WhiteElo "2651"]
[BlackElo "2515"]
[TimeControl "180+1"]
[EndTime "11:42:43 PDT"]
[Termination "Goryachkina won by resignation"]

1. e4 e6 2. d4 d5 3. e5 c5 4. c3 Nc6 5. Nf3 Bd7 6. Be2 Nge7 7. O-O Ng6 8. a3 Be7 9. Be3 O-O 10. Nbd2 cxd4 11.
cxd4 f6 12. exf6 Bxf6 13. Nb3 b6 14. Bd3 Qc7 15. Bxg6 hxg6 16. Qd3 Ne7 17. Rac1 Qd6 18. Qd2 Nc6 19. Rfe1 Rac8 20. Bg5 Bxg5 21. Qxg5 Rf6 22. Ne5 Ne7 23. Rxc8+ Bxc8 24. Nd2 Bd7 25. Ndf3 Rf5 26. Qg3 Be8 27. Ng5 Kf8 28. Nxg6+ 1-0

[Event "*** Titled Tuesday Blitz"]
[Site "Chess.com"]
[Date "2021.04.20"]
[Round "9"]
[White "beautroll"]
[Black "I_Enchev"]
[Result "0-1"]
[WhiteElo "2471"]
[BlackElo "2623"]
[TimeControl "180+1"]
[EndTime "11:42:45 PDT"]
[Termination "I_Enchev won by resignation"]

1. e4 c6 2. d4 d5 3. e5 Bf5 4. h4 h5 5. Bd3 Bxd3 6. Qxd3 e6 7. Nf3 Qa5+ 8. Nbd2 Qa6 9. c4 Nh6 10. O-O Nf5 11.
b3 Be7 12. g3 Nd7 13. Bb2 Rd8 14. Qc2 b5 15. cxd5 cxd5 16. Rfc1 O-O 17. Qc6 Nb6 18. a4 bxa4 19. Rxa4 Qe2 20. Rxa7 Bb4 21. Bc3 Rc8 22.
Qxb6 Bxc3 23. Qa6 Qxa6 24. Rxa6 Bxd2 25. Nxd2 Rxc1+ 0-1

[Event "*** Titled Tuesday Blitz"]
[Site "Chess.com"]
[Date "2021.04.20"]
[Round "9"]
[White "Pelopidass"]
[Black "ChessQueen"]
[Result "1/2-1/2"]
[WhiteElo "2562"]
[BlackElo "2692"]
[TimeControl "180+1"]
[EndTime "11:42:47 PDT"]
[Termination "Game drawn by repetition"]

1. e4 c6 2. d4 d5 3. e5 c5 4. Nf3 Nc6 5. c4 e6 6. cxd5 exd5 7. Nc3 Be6 8. Bb5 Qb6 9. O-O Nh6 10. Be3 Nf5 11.
dxc5 Bxc5 12. Bxc6+ Qxc6 13. Bxc5 Qxc5 14. Qa4+ Qc6 15.
Qa3 Qa6 16. Qb4 Qc4 17. Qa3 Qa6 18. Qb4 Qb6 19. Qa4+ Qc6 20. Qa3 Qa6 1/2-1/2

[Event "*** Titled Tuesday Blitz"]
[Site "Chess.com"]
[Date "2021.04.20"]
[Round "9"]
[White "PawnEatingZombie"]
[Black "gisela_roque"]
[Result "1-0"]
[WhiteElo "2180"]
[BlackElo "1819"]
[TimeControl "180+1"]
[EndTime "11:42:53 PDT"]
[Termination "PawnEatingZombie won by resignation"]

1. d4 Nf6 2. c4 e6 3. Nc3 Bb4 4. Qc2 O-O 5. e4 d6 6. e5 dxe5 7.
dxe5 Ng4 8. a3 Bxc3+ 9. Qxc3 Nc6 10. Nf3 f6 11. exf6 Nxf6 12. Be2 e5 13. Be3 e4 14.
Ne5 Nxe5 15. Qxe5 Re8 16. Qg5 h6 17. Qg6 Kh8 18. O-O Re5 19. Rfd1 Bf5 20. Rxd8+ Rxd8 1-0

[Event "*** Titled Tuesday Blitz"]
[Site "Chess.com"]
[Date "2021.04.20"]
[Round "9"]
[White "TigrVShlyape"]
[Black "Sibelephant"]
[Result "1/2-1/2"]
[WhiteElo "2853"]
[BlackElo "3086"]
[TimeControl "180+1"]
[EndTime "11:42:57 PDT"]
[Termination "Game drawn by agreement"]

1. d4 Nf6 2. Nf3 g6 3. Bg5 Bg7 4. c3 d6 5. Nbd2 h6 6. Bh4 g5 7. Bg3 Nh5 8. e4 e6 9. Nc4 Qe7 10.
Nfd2 Nxg3 11. hxg3 Nd7 12. Ne3 a6 13. Bd3 c5 14. d5 b5 15. a4 c4 16. Be2 Bb7 17.
axb5 axb5 18. Rxa8+ Bxa8 19. dxe6 fxe6 20. Bh5+ Kf8 21.
Qa1 Qd8 22. Qa7 Ke7 23. O-O Qb6 24. Qa1 Bb7 25. Qb1 Rf8 26. Nf3 Qc5 1/2-1/2

[Event "*** Titled Tuesday Blitz"]
[Site "Chess.com"]
[Date "2021.04.20"]
[Round "9"]
[White "akanga001"]
[Black "1Hf3"]
[Result "1-0"]
[WhiteElo "1992"]
[BlackElo "1990"]
[TimeControl "180+1"]
[EndTime "11:42:57 PDT"]
[Termination "akanga001 won by resignation"]

1. e4 e5 2. Nf3 Nc6 3. Bb5 a6 4. Ba4 Nf6 5. O-O b5 6. Bb3 Be7 7. Re1 d6 8. d4 Bg4 9. c3 O-O 10.
d5 Nb8 11. Nbd2 c6 12. Nf1 cxd5 13. exd5 e4 14. h3 exf3 15. hxg4 Nxg4 16. Qxf3 Ne5 17. Qh3 Nbd7 18. Bc2 Nf6 19. Bg5 h6 20. Bxf6 Bxf6 21. Ng3 g6 22. Qxh6 Bg5 23. Qh3 Kg7 24. Ne4 Rh8 25. Qg3 Bh4 26. Qe3 Ng4 27. Qd4+ f6 28. g3 Bg5 29. Nxg5 Qd7 30. Ne6+ Kf7 31. Qxg4 Rh6 32.
Ng5+ 1-0